 Dungeon Crawl Stone Soup version 0.24-a0-537-g2d01d4ab0a (webtiles) character file.

Game seed: 6422573100189744423

23 Delarado the Changer (level 2, 0/21 HPs)
             Began as a Merfolk Transmuter on Aug 16, 2019.
             Slain by Terence
             ... wielding a +1 short sword of freezing
              (1 damage)
             ... on level 2 of the Dungeon.
             The game lasted 00:06:06 (1297 turns).

Delarado the Changer (Merfolk Transmuter)           Turns: 1297, Time: 00:06:07

Health: 0/21       AC:  2    Str: 10    XL:     2   Next: 95%
Magic:  1/5        EV: 13    Int: 12    God:
Gold:   59         SH:  0    Dex: 14    Spells: 2/5 levels left

rFire    . . .     SeeInvis .     - Unarmed
rCold    . . .     Gourm    .   (no shield)
rNeg     . . .     Faith    .   b - +0 robe
rPois    .         Spirit   .   (no helmet)
rElec    .         Reflect  .   (no cloak)
rCorr    .         Harm     .   (no gloves)
MR       .....                  (no boots)
Stlth    +.........             (no amulet)
HPRegen  0.07/turn              (no ring)
MPRegen  0.09/turn              (no ring)

@: appendage (expiring)
A: change form in water, swift swim, stealthy swim, horns 2
a: End Transformation


You were on level 2 of the Dungeon.
You were hungry.
You had grown temporary horns.
You visited 1 branch of the dungeon, and saw 2 of its levels.

You collected 59 gold pieces.

Inventory:

Hand Weapons
 e - a +0 hunting sling
 g - a +0 hunting sling
Missiles
 a - 53 arrows
 c - 42 stones (quivered)
 h - 16 sling bullets
Armour
 b - a +0 robe (worn)
Scrolls
 i - a scroll of immolation {unknown}
 j - a scroll of enchant weapon {unknown}
Potions
 k - a potion of mutation {unknown}
Comestibles
 d - a ration
 f - a chunk of flesh


   Skills:
 - Level 1.1 Fighting
 - Level 2.6 Dodging
 - Level 3.2 Unarmed Combat
 - Level 2.0 Spellcasting
 + Level 4.5 Transmutations


You had 2 spell levels left.
You knew the following spells:

 Your Spells              Type           Power        Failure   Level  Hunger
a - Beastly Appendage     Tmut           ##....       4%          1    ##.....
b - Sticks to Snakes      Tmut           ##......     6%          2    ###....

Your spell library contained the following spells:

 Spells                   Type           Power        Failure   Level  Hunger
 Spider Form              Tmut/Pois      #.........   32%         3    ####...
 Ice Form                 Ice/Tmut       #.......     71%         4    #####..
 Blade Hands              Tmut           ##........   75%         5    ######.


Dungeon Overview and Level Annotations

Branches:
Dungeon (2/15)

Altars:

Annotations:
D:2 Terence


Innate Abilities, Weirdness & Mutations

You revert to your normal form in water.
You are very nimble and swift while swimming.
You are very stealthy in the water. (Stealth+)
You have a pair of horns on your head.


Message History

Terence is moderately wounded.
Terence hits you with a +1 short sword of freezing.
Terence freezes you.
You hit Terence but do no damage. Your headbutt misses Terence.
Terence is moderately wounded.
Terence completely misses you.
You hit Terence. You headbutt Terence.
Terence is heavily wounded.
Terence hits you with a +1 short sword of freezing.
Terence freezes you.
* * * LOW HITPOINT WARNING * * *
You hit Terence.
Terence is heavily wounded.
Terence misses you.
You barely miss Terence.
Terence is heavily wounded.
Terence hits you with a +1 short sword of freezing.
* * * LOW HITPOINT WARNING * * *
Terence freezes you.
You die...

#.
####......+.............'.#
#...
.........###+###.#..'###.#
..... #.......# # #...#.#
.....###.......#
#.###..##.# ......#.......#
#...+.'...# ....#.#....)..#
#..##### #....#'###.#
##.#.# #....#.#
#.####.##'###### #...<#.#
#..@@............
#....#.#.#
####.............
##...#.#.# #............#
.....#.#.# #...........##
########.#.# #...........#
.........#.# #.......(...#
.........# #...........#
.#######.# ####
#...........# .# #.# ..#
###########


You could see Terence.

Vanquished Creatures
  A giant cockroach (D:1)
  4 goblins
  5 hobgoblins
  2 jackals (D:1)
  2 bats (D:1)
  4 frilled lizards (D:1)
  4 rats
22 creatures vanquished.

Notes
Turn   | Place    | Note
-------+----------+-------------------------------------------
     0 | D:1      | Delarado the Merfolk Transmuter began the quest for the
                  | Orb.
     0 | D:1      | Reached XP level 1. HP: 15/15 MP: 3/3
    81 | D:1      | Reached skill level 3 in Transmutations
   216 | D:1      | Reached XP level 2. HP: 14/21 MP: 3/5
   500 | D:1      | Reached skill level 4 in Transmutations
   520 | D:1      | Learned a level 2 spell: Sticks to Snakes
  1264 | D:2      | Noticed Terence
  1297 | D:2      | HP: 1/21 [Terence/+1 short sword of freezing (4)]
  1297 | D:2      | Slain by Terence

Levels and vault maps discovered:
D:1:      sevenhm_arrival_forest_fort_large_3, layout_rooms,
          minmay_misc_feat_enclosed
D:2:      layout_basic, minmay_door_square, lightli_corner_chamber,
          uniq_sigmund, uniq_terence

Skill      XL: |  1  2 |
---------------+-------+-----
Transmutations | 3 4 |  4.5
Fighting       | |  1.1
Dodging        | |  2.6
Unarmed Combat | |  3.2
Spellcasting   | |  2.0

Action                   || total
-------------------------++-------
Melee: Unarmed           ||    82
       Headbutt          ||     6
Throw: Stone             ||     4
 Cast: Beastly Appendage ||     9
       Sticks to Snakes  ||     3
 Stab: Sleeping          ||     2
  Eat: Chunk             ||     1
Armor: Robe              ||    21
Dodge: Dodged            ||    43

Table legend:
 A = Non-vault XP
 B = Vault XP
 C = Vault XP percentage of total XP
 D = Non-vault monster count
 E = Vault monster count
 F = Vault count percentage of total count
                 A         B        C        D         E       F
            +---------+---------+-------+---------+---------+-------
      Total |      33 |       0 |   0.0 |      22 |       0 |   0.0
            +---------+---------+-------+---------+---------+-------
        D:1 |      28 |       0 |   0.0 |      19 |       0 |   0.0
        D:2 |       5 |       0 |   0.0 |       3 |       0 |   0.0
            +---------+---------+-------+---------+---------+-------
